Eri, chaotic female orcish Rogue ... ..+.. -<.%- -..-- ..-- |.| ---- |.| |..| |^| |..| |.| |.......-|.| |........|.| ---..(....|.| |...... ..|.| k ------.--..-- ..|.| G|..G.G..... ..... h)......... ..--- .@.G.---- -.-- Eri the Cutpurse Experience level: 4 Strength: 13 Dexterity: 18 Constitution: 11 Intelligence: 11 Wisdom: 10 Charisma: 12 Health: 0(26) Energy: 5(5) Def: 3 Gold: 652 Moves: 1261 Dungeon seed: 3HwxXYwO-H7V-27s Game ID: Eri_1627612859 Your Inventory: Coins $ - 652 gold pieces Weapons a - an uncursed +0 orcish short sword b - 14 uncursed +0 orcish daggers (in quiver) p - 7 uncursed +0 orcish arrows t - 2 uncursed +0 darts w - an uncursed +1 flail (weapon in hand) Armor e - an uncursed +1 leather armor (being worn) r - a cursed -2 pair of iron shoes (being worn) Comestibles i - an uncursed fortune cookie j - an uncursed pancake z - 2 uncursed sprigs of wolfsbane D - an uncursed food ration M - an uncursed tripe ration Scrolls H - an uncursed scroll of confuse monster J - an uncursed scroll of scare monster Spellbooks m - an uncursed spellbook of detect unseen Potions c - an uncursed potion of sickness o - a blessed potion of sleeping I - an uncursed potion of healing L - a cursed potion of fruit juice Wands h - an uncursed wand of opening (0:3) Tools d - an uncursed lock pick f - an uncursed sack g - an uncursed blindfold x - an uncursed blindfold F - an uncursed mirror K - an uncursed leash Gems n - an uncursed worthless piece of black glass Spells and supernatural/magical abilities: Name Level Category Fail Memory W - pray for help -- divine ? -- Your skills at the end: Miscellaneous Skills wands [Basic] Weapon Skills dagger [Basic] short sword [Basic] Spellcasting Skills Final Attributes: You were piously aligned. You were poison resistant. Your writing hand was a little cramped from use. You had infravision. You were somewhat stealthy. You were unlucky. Kos was angry with you. You are dead. Vanquished creatures: a dwarf an iguana a rothe a jitterbug a coyote a gas spore an acid blob a large kobold 3 geckos a giant rat a gnome a gnome zombie 2 jackals a kobold 5 newts 2 grid bugs a bat 2 lichens 27 creatures vanquished. Voluntary challenges: You did not adorn yourself with jewelry or accessories. You did not cause conflict. You were not invisible. You did not have reflection. You were not displaced. You used a wielded weapon 46 times, starting on turn 38. You did not apply a unicorn horn. You did not use plumbed fixtures. You did not drink any magical draughts. You read items or engraved 4 times, starting on turn 624. You never genocided any monsters. You never polymorphed an object. You never changed form. You used no wishes. You never split a pudding. You wrote Elbereth's name 2 times, starting on turn 624. You never violated your personal moral code. Dungeon overview: The Dungeons of Doom: levels 1 to 5 Level 1 a fountain a long staircase Level 2 a fountain Level 3 some fountains Level 4 a fountain stairs to The Gnomish Mines Level 5 The Gnomish Mines: Level 5 <- You were here stairs to The Dungeons of Doom History has recorded: On T:1 you entered the Dungeons of Doom to retrieve the Amulet of Yendor! On T:147 you reached level 2 of The Dungeons of Doom. On T:193 you reached level 3 of The Dungeons of Doom. On T:229 you advanced to experience level 2. On T:485 you reached level 4 of The Dungeons of Doom. On T:507 you advanced to experience level 3. On T:870 you reached level 5 of The Dungeons of Doom. On T:1156 you reached level 1 of The Gnomish Mines. On T:1161 you advanced to experience level 4. On T:1190 you prayed to Kos. On T:1199 you prayed to Kos. Score breakdown: Gold: 652 ( 65 points) Experience: 4 levels ( 300 points) Exploration: 5 levels ( 120 points) Discoveries: 10 items ( 500 points) Variety of kills: 18 monsters ( 900 points) Major goal: (nothing yet) ( 0 points) Survival: died (score multiplied by 3) Total score: 5655 Latest messages: You hit the dwarf. The dwarf wields a broad pick! The gnome wields a bow! You miss the dwarf. (2x) The dwarf swings his broad pick at you. The dwarf hits you! You miss the dwarf. (2x) The dwarf swings his broad pick at you. The dwarf just misses! You miss the dwarf. (2x) The dwarf swings his broad pick at you. The dwarf hits you! You miss the dwarf. You write in the dust with your fingers. The dwarf turns to flee! (2x) The gnome picks up a thonged club. The gnome turns to flee! (2x) The gnome shoots an arrow! You are hit by an arrow! You die... The sack is empty. The sack is empty. Final status: Goodbye Eri the Rogue, killed by an arrow... You died in The Gnomish Mines on dungeon level 5 with 5655 points, and 652 pieces of gold, after 1261 moves. You were level 4 with a maximum of 26 hit points when you died.